 Dungeon Crawl Stone Soup version 0.28-a0-794-gafe8c5f9e9 (webtiles) character file.

Game seed: 1432102947105050910

58 vurker the Firebug (level 4, 0/28 HPs)
             Began as an Octopode Fire Elementalist on Nov 5, 2021.
             Killed from afar by Ijyb (13 damage)
             ... with an iceblast
             ... on level 2 of the Dungeon.
             The game lasted 00:03:16 (2482 turns).

vurker the Firebug (Octopode Fire Elementalist)     Turns: 2482, Time: 00:03:17

Health: 0/28       AC:  1    Str:  7    XL:     4   Next: 2%
Magic:  7/8        EV: 13    Int: 18    God:
Gold:   96         SH:  0    Dex: 12    Spells: 5/8 levels left

rFire   . . .      SeeInvis .   e - +0 short sword
rCold   . . .      Faith    .   (no shield)
rNeg    . . .      Spirit   .   (helmet restricted)
rPois   .          Reflect  .   (no amulet)
rElec   .          Harm     .   (no ring)
rCorr   .          Rampage  .   (no ring)
Will    .....                   (no ring)
Stlth   +++.......              (no ring)
HPRegen 0.09/turn               (no ring)
MPRegen 0.11/turn               (no ring)
                                (no ring)
                                (no ring)

@: no status effects
A: almost no armour, amphibious, 8 rings, camouflage 1, gelatinous body 1,
(nimble swimmer 1), tentacles
a: no special abilities


You were on level 2 of the Dungeon.
You visited 1 branch of the dungeon, and saw 2 of its levels.

You collected 96 gold pieces.

Inventory:

Hand Weapons
 e - a +0 short sword (weapon)
   (You took it off a kobold on level 1 of the Dungeon)
Scrolls
 a - a scroll of enchant weapon {unknown}
 b - a scroll of fear {unknown}
 f - a scroll of fog {unknown}
 g - a scroll of identify {unknown}
 h - 2 scrolls of teleportation {unknown}
Potions
 c - 2 potions of curing {unknown}
 d - a potion of resistance {unknown}


   Skills:
 + Level 1.0 Fighting
 - Level 2.0 Dodging
 - Level 2.6 Stealth
 * Level 2.6 Spellcasting
 * Level 2.2 Conjurations
 * Level 3.4 Fire Magic


You had 5 spell levels left.
You knew the following spells:

 Your Spells              Type           Power      Damage    Failure   Level
a - Foxfire               Conj/Fire      48%        2x1d6     5%          1
b - Scorch                Fire           28%        2d6       6%          2

Your spell library contained the following spells:

 Spells                   Type           Power      Damage    Failure   Level
 Conjure Flame            Conj/Fire      12%        6-21      16%         3
 Slow                     Hex            8%         N/A       17%         1
 Inner Flame              Hex/Fire       8%         N/A       26%         3
 Confusing Touch          Hex            2%         N/A       45%         3
 Flame Wave               Conj/Fire      12%        3d4       45%         4
 Yara's Violent Unravell  Hex/Tmut       1%         3d3       99%         5


Dungeon Overview and Level Annotations

Branches:
Dungeon (2/15)

Altars:
Beogh

Annotations:
D:2 Ijyb


Innate Abilities, Weirdness & Mutations

You cannot wear most types of armour.
You are amphibious.
You can wear up to eight rings at the same time.
Your skin changes colour to match your surroundings (Stealth+).
Your rubbery body absorbs attacks. (AC +1, EV +1)
((You are camouflaged near water. (Stealth+)))
You have tentacles for arms and can constrict up to eight enemies at once.


Message History

You conjure some foxfire!
The foxfire hits the goblin.
You kill the goblin!
You conjure some foxfire!
The foxfire hits the goblin. x2
The goblin shoots a stone.
The stone hits you.
You conjure some foxfire!
The foxfire hits the goblin.
You kill the goblin!
The foxfire hits the goblin.
You kill the goblin!
Ijyb the Twisted Goblin comes into view.
She is wielding a +0 dagger and carrying a wand of iceblast (7).
Your Fighting skill increases to level 1!
You conjure some foxfire!
The foxfire hits the goblin.
You kill the goblin!
The foxfire hits the goblin. x2
You kill the goblin!
The foxfire hits the goblin.
You kill the goblin!
You have reached level 4!
There is an open door here.
An endoplasm comes into view.
The endoplasm quivers.
There is an open door here.
There is a stone staircase leading up here.
The endoplasm jiggles.
The endoplasm freezes you.
You are frozen.
You climb upwards.
There is a stone staircase leading down here.
You conjure some foxfire!
The endoplasm hits you but does no damage.
The foxfire hits the endoplasm.
You kill the endoplasm!
No target in view!
No target in view!
No target in view!
There is a stone staircase leading down here.
You start resting.
You don't know that spell.
You start resting.
You climb downwards.
Level annotation: Ijyb
There is a stone staircase leading up here.
You conjure some foxfire!
Ijyb zaps a wand.
The mass of ice explodes!
The iceblast engulfs you!
Ouch! That really hurt!
* * * LOW HITPOINT WARNING * * *
The iceblast engulfs your foxfire! x2
Ijyb zaps a wand.
The mass of ice explodes!
The iceblast engulfs you!
You die...

.#...#....#.#......# ##...##
.#...#.#.##.#.....## #.#.#.#
.#.....#.##.####.## #.#...#
............# #.# #.###.#
##.##..#.#### #.# ##....#
.>.......# ##'## ####.#
#####.#### ##...## #.# #.##
##...§.## ### #.# #..##
##...@§..## ##.###.#
#####...####....§....####..[##.#
...........'.).§.....+.........#
#####...####.gv......####...####
##..# ##.......## ##..# ##.#
##.....## ##.# #.#
##...#########.# #.#
##+#.......##.#
#.########.#.#####.##.#


You could see Ijyb (ally target).

Vanquished Creatures
  An adder (D:2)
  A worm (D:2)
  2 dart slugs
  2 orcs (D:2)
  3 ball pythons (D:1)
  3 endoplasms
  A giant cockroach (D:2)
  9 goblins
  A hobgoblin (D:1)
  A quokka (D:1)
  4 bats (D:1)
  3 frilled lizards (D:1)
  4 kobolds
  3 rats (D:1)
38 creatures vanquished.

Vanquished Creatures (others)
  118 foxfires
118 creatures vanquished.

Grand Total: 156 creatures vanquished

Notes
Turn   | Place    | Note
-------+----------+-------------------------------------------
     0 | D:1      | vurker the Octopode Fire Elementalist began the quest for
                  | the Orb.
     0 | D:1      | Reached XP level 1. HP: 11/11 MP: 3/3
   399 | D:1      | Reached XP level 2. HP: 16/17 MP: 1/5
  1343 | D:1      | Learned a level 2 spell: Scorch
  1369 | D:2      | Reached XP level 3. HP: 22/22 MP: 2/6
  1978 | D:2      | Found a faded altar of an unknown god.
  2395 | D:2      | Noticed Ijyb
  2396 | D:2      | Reached skill level 1 in Fighting
  2398 | D:2      | Reached XP level 4. HP: 25/28 MP: 1/7
  2482 | D:2      | Killed from afar by Ijyb

Illustrated notes

Levels and vault maps discovered:
D:1:      heliophobic_arrival_battle_scene, layout_loops_cross
D:2:      kennysheep_the_goblin_king, layout_loops_corners,
          hellmonk_ecumenical_altar_defaced_shrine

Skill      XL: |  1  2  3 |
---------------+----------+-----
Conjurations   | 2 |  2.2
Fighting       | 1 |  1.0
Dodging        | |  2.0
Stealth        | |  2.6
Spellcasting   | |  2.6
Fire Magic     | |  3.4

Action                   |  1- 3 |  4- 6 || total
-------------------------+-------+-------++-------
Melee: Unarmed           |     6 |       ||     6
       Constrict         |     6 |       ||     6
       Short sword       |    15 |       ||    15
       Tentacles         |     4 |       ||     4
 Cast: Foxfire           |    70 |     2 ||    72
       Scorch            |     4 |       ||     4
 Stab: Sleeping          |     1 |       ||     1
Armor: Skin              |     2 |     1 ||     3
Dodge: Dodged            |    23 |       ||    23

Table legend: (Time is in decaauts)
 A = Elapsed time spent in this place.
 B = Non-inter-level travel time spent in this place.
 C = Inter-level travel time spent in this place.
 D = Time resting spent in this place.
 E = Time spent auto-exploring this place.
 F = Levels seen in this place.
 G = Mean time per level.
                   A        B        C        D        E       F      G
               +--------+--------+--------+--------+--------+-----+--------+
         Total |   2483 |   2470 |     13 |     43 |   2138 |   2 | 1241.5 |
       Dungeon |   2483 |   2470 |     13 |     43 |   2138 |   2 | 1241.5 |
               +--------+--------+--------+--------+--------+-----+--------+

Top non-repeatable levels by time:
     D:1: 1392 daAuts
     D:2: 1091 daAuts
